 Dungeon Crawl Stone Soup version 0.29.0-15-g675c0067aa (webtiles) character file.

Game seed: 8277883972150332986

2692 qw the Cleaver (level 9, -3/75 HPs)
             Began as a Minotaur Berserker on Sept 12, 2022.
             Was a Priest of Trog.
             Shot with a sling bullet by Joseph (6 damage)
             ... on level 7 of the Dungeon.
             The game lasted 00:02:37 (8182 turns).

qw the Cleaver (Minotaur Berserker)                 Turns: 8182, Time: 00:02:38

Health: -3/75      AC: 11    Str: 26    XL:     9   Next: 38%
Magic:  0/8        EV: 11    Int:  4    God:    Trog [***...]
Gold:   350        SH: 11    Dex: 10    Spells: 8/8 levels left

rFire   + . .      SeeInvis .   Y - +0 war axe
rCold   . . .      Faith    .   r - +1 kite shield {reflect}
rNeg    + . .      Spirit   +   d - +0 chain mail
rPois   .          Reflect  +   (helmet restricted)
rElec   .          Harm     .   l - scarf {repulsion}
rCorr   .          Rampage  .   (no gloves)
Will    .....                   m - +1 pair of boots of the Hidden Yaks {rF+}
Stlth   ..........              p - amulet of guardian spirit
HPRegen 0.22/turn               f - +4 ring of evasion
MPRegen 0.11/turn               j - ring of positive energy

@: on berserk cooldown, slowed, repel missiles, very slow
A: horns 2, retaliatory headbutt
a: Renounce Religion, Berserk, Trog's Hand


You were on level 7 of the Dungeon.
You worshipped Trog.
Trog was most pleased with you.
You visited 1 branch of the dungeon, and saw 7 of its levels.

You collected 350 gold pieces.


Innate Abilities, Weirdness & Mutations

You have a pair of horns on your head.
You reflexively headbutt those who attack you in melee.


   Skills:
 + Level 6.1 Fighting
 - Level 12.0 Axes
 - Level 4.0 Armour
 - Level 2.1 Dodging
 - Level 8.3 Shields


You had 8 spell levels left.
You didn't know any spells.
Your spell library was empty.

Inventory:

Hand Weapons
 q - the +3 morningstar of the Lost Beggars {spect, rN+}
   (You found it on level 4 of the Dungeon)

   When its wielder attacks, the weapon's spirit leaps out and strikes again.
   The spirit shares a part of any damage it takes with its wielder.
   rN:        It protects you from negative energy.
 Y - a +0 war axe (weapon)
Armour
 d - a +0 chain mail (worn)
 l - a scarf of repulsion (worn)
 m - the +1 pair of boots of the Hidden Yaks (worn) {rF+}
   (You acquired it on level 6 of the Dungeon)

   rF:        It protects you from fire.
 r - a +1 kite shield of reflection (worn)
 u - +0 swamp dragon scales
Jewellery
 e - an amulet of reflection
 f - a +4 ring of evasion (left hand)
 j - a ring of positive energy (right hand)
 k - a ring of fire
 p - an amulet of guardian spirit (around neck)
Scrolls
 h - a scroll of vulnerability {unknown}
 o - a scroll of identify
 t - a scroll of teleportation
Potions
 a - a potion of heal wounds
 b - a potion of resistance
 c - a potion of mutation
 g - a potion of cancellation
 i - a potion of haste
 n - a potion of curing {unknown}
 s - a potion of degeneration {unknown}

Dungeon Overview and Level Annotations

Branches:
Dungeon (7/15)             Temple (0/1) D:5

Altars:
Elyvilon
Vehumet

Shops:
D:2 =

Annotations:
D:4 3 runed translucent doors, qw's ghost, amateur GrFi; qw's ghost, weakling GrDe
D:6 1 runed translucent door, qw's ghost, novice GrDe
D:7 Joseph; Prince Ribbit


Message History

It is covered in frost.
Joseph shoots a sling bullet.
The sling bullet barely misses you.
Joseph shoots a sling bullet.
The sling bullet barely misses you.
Your Axes skill increases to level 12!
You block the gnoll's attack. x2
You closely miss the gnoll.
The gnoll hits you from afar with a +0 halberd.
You block the gnoll's attack.
You slash the gnoll!
You kill the gnoll!
Trog accepts your kill.
You hit the gnoll but do no damage. You block the gnoll's attack.
The gnoll hits you but does no damage.
Joseph shoots a sling bullet.
The sling bullet barely misses you.
Prince Ribbit comes into view.
The gnoll hits you from afar with a +0 halberd!
The gnoll hits you but does no damage.
Joseph shoots a sling bullet.
The sling bullet closely misses you.
Prince Ribbit croaks.
You slash the gnoll! Your headbutt misses the gnoll.
The gnoll is almost dead.
Prince Ribbit blinks!
You block the gnoll's attack. The gnoll hits you but does no damage.
Joseph shoots a sling bullet.
The sling bullet barely misses you.
You closely miss the gnoll.
The gnoll is almost dead.
You block the gnoll's attack. The gnoll hits you with a +0 whip.
Joseph shoots a sling bullet.
You reflect the sling bullet off your +1 kite shield of reflection!
The sling bullet hits Joseph!
The sling bullet freezes Joseph.
The gnoll completely misses you. The gnoll hits you but does no damage.
Joseph shoots a sling bullet.
The sling bullet hits you. The sling bullet freezes you.
You slash the gnoll!
You kill the gnoll!
Trog accepts your kill.
The gnoll hits you from afar with a +0 halberd!
Joseph shoots a sling bullet.
The sling bullet hits you! The sling bullet freezes you!
You die...

##:...#.#### .........
..........## .......#
##....>...#.
####......#####....#....
.F............#....####.
#...@........#...###/..
#..g.........#........
####...))...##.#........
#......@..)%#......#....
...#...%..).%##.).####..
##.##..)######## ###
#....##.# ...... ###
....... .......# .#.....
####.


You could see Joseph, Prince Ribbit and a gnoll.

Vanquished Creatures
  Maggie (D:7)
  Menkaure (D:7)
  A water moccasin (D:5)
  2 ice beasts (D:6)
  2 ogres
  A centaur (D:5)
  2 kobold brigands (D:7)
  2 necrophages
  4 scorpions
  5 wights (D:7)
  4 howler monkeys
  7 orc priests
  A hound (D:5)
  2 jellies
  6 iguanas
  8 orc wizards
  6 gnolls
  3 adders
  A shadow imp (D:5)
  2 ufetubi
  A worm (D:4)
  3 dart slugs
  30 orcs
  7 bats (D:1)
  9 endoplasms
  4 giant cockroaches
  5 goblins
  7 hobgoblins
  21 kobolds
  2 quokkas (D:3)
  10 ball pythons
  2 frilled lizards
  6 rats
168 creatures vanquished.

Notes
Turn   | Place    | Note
-------+----------+-------------------------------------------
     0 | D:1      | qw the Minotaur Berserker began the quest for the Orb.
     0 | D:1      | Reached XP level 1. HP: 19/19 MP: 0/0
     0 | D:1      | 0 ||| qw: Version: 0.1-a-119-g272c26d
     0 | D:1      | 0 ||| qw: Game counter: 10937
     0 | D:1      | 0 ||| qw: Always use a shield: true
     0 | D:1      | 0 ||| qw: Do Orc after D:15 true
     0 | D:1      | 0 ||| qw: Do second Lair branch before Depths: true
     0 | D:1      | 0 ||| qw: Lair rune preference: random
     0 | D:1      | 0 ||| qw: Plans: Normal
     0 | D:1      | 0 ||| PLANNING D:1-11
    63 | D:1      | 63 ||| Stepping ~*~*~tactically~*~*~ (stealth).
   104 | D:1      | 104 ||| DROPPING +0 club.
   120 | D:1      | Reached skill level 4 in Axes
   294 | D:1      | Reached XP level 2. HP: 22/26 MP: 1/1
   307 | D:1      | 307 ||| Stepping ~*~*~tactically~*~*~ (stealth).
   321 | D:1      | 321 ||| Stepping ~*~*~tactically~*~*~ (stealth).
   352 | D:1      | 352 ||| Stepping ~*~*~tactically~*~*~ (stealth).
   353 | D:1      | 353 ||| Stepping ~*~*~tactically~*~*~ (stealth).
   460 | D:1      | 460 ||| Stepping ~*~*~tactically~*~*~ (stealth).
   463 | D:1      | 463 ||| Stepping ~*~*~tactically~*~*~ (stealth).
   465 | D:1      | 465 ||| Stepping ~*~*~tactically~*~*~ (stealth).
   466 | D:1      | 466 ||| INVOKING Berserk.
   475 | D:1      | HP: 6/26 [poisoned by a goblin]
   479 | D:1      | 479 ||| Stepping ~*~*~tactically~*~*~ (stealth).
   653 | D:1      | 653 ||| Stepping ~*~*~tactically~*~*~ (stealth).
   791 | D:1      | 791 ||| Stepping ~*~*~tactically~*~*~ (stealth).
   794 | D:1      | 794 ||| Stepping ~*~*~tactically~*~*~ (stealth).
   824 | D:1      | 824 ||| Stepping ~*~*~tactically~*~*~ (stealth).
   887 | D:1      | Reached skill level 5 in Axes
   952 | D:1      | 952 ||| INVOKING Berserk.
   957 | D:1      | Reached XP level 3. HP: 31/31 MP: 2/2
  1668 | D:1      | 1668 ||| UPGRADING to +0 ring mail.
  1678 | D:1      | 1678 ||| DROPPING +0 animal skin.
  1679 | D:1      | 1679 ||| UPGRADING to +4 ring of evasion.
  1680 | D:1      | 1680 ||| DROPPING ring of flight.
  1681 | D:1      | 1681 ||| READING scroll labelled OFILAMP ZINN.
  1682 | D:1      | 1682 ||| READING scroll labelled DOOVVE SAH VEA.
  1931 | D:2      | 1931 ||| Stepping ~*~*~tactically~*~*~ (hiding).
  1932 | D:2      | 1932 ||| Stepping ~*~*~tactically~*~*~ (hiding).
  1934 | D:2      | 1934 ||| Stepping ~*~*~tactically~*~*~ (stealth).
  1935 | D:2      | 1935 ||| Stepping ~*~*~tactically~*~*~ (hiding).
  1954 | D:2      | 1954 ||| Stepping ~*~*~tactically~*~*~ (stealth).
  2062 | D:2      | Found Nifolutu's Jewellery Shoppe.
  2070 | D:2      | 2070 ||| SHOPLISTING +4 ring of protection (360 gold, have
                  | 69).
  2070 | D:2      | 2070 ||| SHOPLISTING amulet of guardian spirit (300 gold,
                  | have 69).
  2070 | D:2      | 2070 ||| SHOPLISTING amulet of the acrobat (300 gold, have
                  | 69).
  2070 | D:2      | 2070 ||| SHOPLISTING ring of poison resistance (200 gold,
                  | have 69).
  2070 | D:2      | 2070 ||| SHOPLISTING ring of positive energy (200 gold,
                  | have 69).
  2108 | D:2      | 2108 ||| Stepping ~*~*~tactically~*~*~ (hiding).
  2111 | D:2      | 2111 ||| Stepping ~*~*~tactically~*~*~ (stealth).
  2113 | D:2      | 2113 ||| INVOKING Berserk.
  2117 | D:2      | Reached skill level 6 in Axes
  2117 | D:2      | Reached XP level 4. HP: 39/39 MP: 3/3
  2213 | D:2      | 2213 ||| DROPPING +0 whip.
  2216 | D:2      | 2216 ||| DROPPING +0 flail.
  2438 | D:2      | 2438 ||| READING scroll labelled LUONEU YFREQA.
  2460 | D:2      | 2460 ||| Stepping ~*~*~tactically~*~*~ (stealth).
  2464 | D:2      | 2464 ||| Stepping ~*~*~tactically~*~*~ (stealth).
  2479 | D:3      | You fall into a shaft and drop 2 floors!
  2479 | D:5      | Entered Level 5 of the Dungeon
  2485 | D:5      | Noticed a scorpion
  2498 | D:5      | Killed a scorpion
  2499 | D:5      | Reached skill level 7 in Axes
  2499 | D:5      | Reached XP level 5. HP: 36/45 MP: 4/4
  2640 | D:5      | 2640 ||| INVOKING Berserk.
  2641 | D:5      | 2641 ||| INVOKING Berserk.
  2719 | D:5      | 2719 ||| SWAPPING to +1 hand axe of freezing.
  2720 | D:5      | 2720 ||| DROPPING +0 hand axe.
  2747 | D:5      | Reached XP level 6. HP: 53/53 MP: 5/5
  2801 | D:5      | 2801 ||| UPGRADING to scarf of repulsion.
  2807 | D:5      | 2807 ||| Stepping ~*~*~tactically~*~*~ (stealth).
  2815 | D:5      | Reached skill level 8 in Axes
  2824 | D:5      | 2824 ||| FLEEEEING.
  2825 | D:5      | 2825 ||| FLEEEEING.
  2826 | D:5      | 2826 ||| STAIRDANCE
  2929 | D:4      | Found a runed translucent gate.
  2930 | D:4      | Found a runed translucent gate.
  2930 | D:4      | Found a runed translucent gate.
  2932 | D:4      | Noticed qw's ghost (amateur GrFi)
  2932 | D:4      | Noticed qw's ghost (amateur GrFi)
  2932 | D:4      | Noticed qw's ghost (weakling GrDe)
  2936 | D:4      | Identified the +3 morningstar of the Lost Beggars {spect,
                  | rN+}
  2938 | D:4      | 2938 ||| DROPPING +0 flail of protection.
  2966 | D:4      | Reached ** piety under Trog
  3363 | D:4      | Reached skill level 9 in Axes
  3397 | D:4      | 3397 ||| UPGRADING to +1 kite shield of reflection.
  3402 | D:4      | 3402 ||| UPGRADING to amulet of guardian spirit.
  3407 | D:4      | 3407 ||| READING scroll labelled WOACHO FAWA.
  3408 | D:4      | 3408 ||| READING scroll labelled CASEUCZ MEIWO.
  3416 | D:4      | 3416 ||| Stepping ~*~*~tactically~*~*~ (stealth).
  3535 | D:4      | 3535 ||| DRINKING 2 viscous yellow potions.
  3536 | D:4      | 3536 ||| DROPPING potion of attraction.
  3551 | D:3      | 3551 ||| INVOKING Berserk.
  3553 | D:3      | Reached skill level 1 in Shields
  3553 | D:3      | Reached XP level 7. HP: 60/60 MP: 6/6
  3687 | D:3      | 3687 ||| SWAPPING to +0 war axe.
  3688 | D:3      | 3688 ||| DROPPING +1 hand axe of freezing.
  4296 | D:3      | Found a faded altar of an unknown god.
  4388 | D:3      | 4388 ||| UPGRADING to +0 pair of boots.
  4393 | D:3      | 4393 ||| READING scroll of enchant armour.
  4393 | D:3      | 4393 ||| ENCHANTING +0 pair of boots.
  4394 | D:3      | 4394 ||| READING scroll labelled NOLEGEASHA.
  4399 | D:3      | 4399 ||| READING scroll labelled ZIOTHR VETI.
  4400 | D:3      | 4400 ||| DRINKING 2 ruby potions.
  4401 | D:3      | 4401 ||| DRINKING 2 lumpy green potions.
  4402 | D:3      | 4402 ||| READING 2 scrolls of identify.
  4402 | D:3      | 4402 ||| IDENTIFYING orange potion
  4403 | D:3      | 4403 ||| DROPPING potion of brilliance.
  4623 | D:4      | 4623 ||| READING scroll labelled FYLAUR JYGHAE.
  4667 | D:5      | 4667 ||| STAIRDANCE
  4782 | D:4      | 4782 ||| Stepping ~*~*~tactically~*~*~ (stealth).
  4847 | D:5      | 4847 ||| STAIRDANCE
  4849 | D:4      | 4849 ||| INVOKING Berserk.
  4851 | D:4      | Reached skill level 3 in Shields
  5080 | D:5      | 5080 ||| STAIRDANCE
  5170 | D:5      | Identified the +9 quarterstaff of the Shoals {drain, MP+9
                  | Str+2}
  5171 | D:5      | 5171 ||| INVOKING Berserk.
  5192 | D:5      | 5192 ||| Stepping ~*~*~tactically~*~*~ (hiding).
  5255 | D:5      | 5255 ||| FLEEEEING.
  5256 | D:5      | 5256 ||| FLEEEEING.
  5257 | D:5      | 5257 ||| FLEEEEING.
  5258 | D:5      | 5258 ||| FLEEEEING.
  5259 | D:5      | 5259 ||| FLEEEEING.
  5260 | D:5      | 5260 ||| STAIRDANCE
  5459 | D:5      | 5459 ||| STAIRDANCE
  5517 | D:4      | 5517 ||| UPGRADING to ring of positive energy.
  5518 | D:4      | 5518 ||| READING scroll labelled YTINEIFA WAEMP.
  5703 | D:5      | 5703 ||| INVOKING Berserk.
  5869 | D:5      | Found a staircase to the Ecumenical Temple.
  5874 | D:5      | Reached skill level 6 in Shields
  5959 | D:5      | 5959 ||| Stepping ~*~*~tactically~*~*~ (hiding).
  5960 | D:5      | 5960 ||| Stepping ~*~*~tactically~*~*~ (hiding).
  5971 | D:5      | Reached XP level 8. HP: 68/68 MP: 7/7
  5980 | D:5      | 5980 ||| INVOKING Berserk.
  6118 | D:5      | 6118 ||| Stepping ~*~*~tactically~*~*~ (stealth).
  6121 | D:5      | 6121 ||| Stepping ~*~*~tactically~*~*~ (stealth).
  6400 | D:5      | 6400 ||| Stepping ~*~*~tactically~*~*~ (stealth).
  6430 | D:5      | 6430 ||| UPGRADING to +0 chain mail.
  6440 | D:5      | 6440 ||| DROPPING +0 ring mail.
  6441 | D:5      | 6441 ||| DROPPING +0 chain mail.
  6442 | D:5      | 6442 ||| READING scroll labelled GEUSACI FILADD.
  6443 | D:5      | 6443 ||| READING 2 scrolls of identify.
  6443 | D:5      | 6443 ||| IDENTIFYING puce potion
  6475 | D:6      | Reached skill level 3 in Armour
  6514 | D:6      | 6514 ||| Stepping ~*~*~tactically~*~*~ (stealth).
  6525 | D:6      | Reached *** piety under Trog
  6870 | D:6      | Found a runed translucent door.
  6870 | D:6      | Noticed qw's ghost (novice GrDe)
  6970 | D:6      | Found a white marble altar of Elyvilon.
  6970 | D:6      | Found a radiant altar of Vehumet.
  7013 | D:6      | 7013 ||| INVOKING Berserk.
  7016 | D:6      | Reached skill level 10 in Axes
  7436 | D:6      | 7436 ||| INVOKING Berserk.
  7438 | D:6      | Reached skill level 6 in Fighting
  7604 | D:6      | 7604 ||| READING scroll labelled UNAALAEMMOAGO.
  7604 | D:6      | Identified a scroll of acquirement
  7604 | D:6      | 7604 ||| ACQUIRING +1 pair of boots of the Hidden Yaks
                  | {rF+}
  7604 | D:6      | Acquired the +1 pair of boots of the Hidden Yaks {rF+}
  7606 | D:6      | 7606 ||| UPGRADING to +1 pair of boots of the Hidden Yaks
                  | {rF+}.
  7616 | D:6      | 7616 ||| DROPPING +1 pair of boots.
  7617 | D:6      | 7617 ||| DRINKING 2 fizzy clear potions.
  7618 | D:6      | 7618 ||| DRINKING 2 emerald potions.
  7619 | D:6      | 7619 ||| DROPPING potion of flight.
  7638 | D:7      | 7638 ||| Stepping ~*~*~tactically~*~*~ (hiding).
  7640 | D:7      | 7640 ||| INVOKING Berserk.
  7653 | D:7      | 7653 ||| FLEEEEING.
  7654 | D:7      | 7654 ||| FLEEEEING.
  7657 | D:7      | 7657 ||| STAIRDANCE
  7713 | D:7      | 7713 ||| Stepping ~*~*~tactically~*~*~ (stealth).
  7770 | D:7      | Noticed Menkaure
  7777 | D:7      | 7777 ||| INVOKING Berserk.
  7780 | D:7      | Killed Menkaure
  7781 | D:7      | Reached skill level 11 in Axes
  7781 | D:7      | Reached XP level 9. HP: 75/75 MP: 6/8
  7948 | D:7      | Noticed Maggie
  7949 | D:7      | 7949 ||| Stepping ~*~*~tactically~*~*~ (hiding).
  7951 | D:7      | 7951 ||| Stepping ~*~*~tactically~*~*~ (hiding).
  7953 | D:7      | 7953 ||| Stepping ~*~*~tactically~*~*~ (hiding).
  7972 | D:7      | Killed Maggie
  8135 | D:7      | 8135 ||| Stepping ~*~*~tactically~*~*~ (stealth).
  8141 | D:7      | 8141 ||| Stepping ~*~*~tactically~*~*~ (stealth).
  8149 | D:7      | 8149 ||| Stepping ~*~*~tactically~*~*~ (stealth).
  8152 | D:7      | 8152 ||| Stepping ~*~*~tactically~*~*~ (hiding).
  8153 | D:7      | 8153 ||| Stepping ~*~*~tactically~*~*~ (stealth).
  8165 | D:7      | 8165 ||| INVOKING Berserk.
  8175 | D:7      | Noticed Joseph
  8177 | D:7      | Reached skill level 12 in Axes
  8179 | D:7      | Noticed Prince Ribbit
  8182 | D:7      | HP: 14/75 [gnoll/+0 halberd (6)]
  8182 | D:7      | HP: 3/75 [Joseph/sling bullet (11)]
  8182 | D:7      | Shot with a sling bullet by Joseph

Levels and vault maps discovered:
D:1:      lemuel_arrival_funnel, layout_basic, minmay_cupped
D:2:      layout_basic, serial_shops, nicolae_shop_hallway_plus,
          dk_noncrumbling_2, minmay_fractal_squares_5
D:3:      layout_basic, basic_ecumenical_altar
D:4:      layout_loops_cross, gammafunk_ghost_cemetery
D:5:      layout_basic, minmay_temple_entry_arrows, minmay_misc_feat_rugged
D:6:      layout_basic, grunt_temple_overflow_open,
          hellmonk_ghost_happy_afterlife
D:7:      layout_cave_pools, uniq_maggie, uniq_prince_ribbit1, uniq_menkaure,
          uniq_joseph

Skill      XL: |  1  2  3  4  5  6  7  8  9 |
---------------+----------------------------+-----
Axes           | 4 5 6 7 9 11 12 | 12.0
Fighting       | 4 5 6 |  6.1
Shields        | 1 6 7 8 |  8.3
Armour         | 3 4 |  4.0
Dodging        | |  2.1

Action                   |  1- 3 |  4- 6 |  7- 9 || total
-------------------------+-------+-------+-------++-------
Melee: Hand axe          |    85 |    59 |     5 ||   149
       Headbutt          |    14 |    13 |    42 ||    69
       War axe           |       |       |   229 ||   229
Invok: Berserk           |     3 |     2 |     9 ||    14
  Use: Scroll            |     2 |     3 |     9 ||    14
       Potion            |       |     1 |     4 ||     5
Armor: Animal skin       |    10 |       |       ||    10
       Ring mail         |     3 |     8 |    16 ||    27
       Chain mail        |       |       |    20 ||    20
Dodge: Dodged            |    50 |    22 |    94 ||   166
       Repelled          |       |       |     2 ||     2
Block: Kite shield       |       |     1 |   100 ||   101
       Reflection        |       |       |     9 ||     9

Table legend:
 A = Non-vault XP
 B = Vault XP
 C = Vault XP percentage of total XP
 D = Non-vault monster count
 E = Vault monster count
 F = Vault count percentage of total count
                 A         B        C        D         E       F
            +---------+---------+-------+---------+---------+-------
      Total |    3286 |     575 |  14.9 |     158 |      10 |   6.0
            +---------+---------+-------+---------+---------+-------
        D:1 |      48 |      19 |  28.4 |      27 |       3 |  10.0
        D:2 |      62 |      10 |  13.9 |       8 |       5 |  38.5
        D:3 |     131 |       0 |   0.0 |      27 |       0 |   0.0
        D:4 |     298 |       0 |   0.0 |      13 |       0 |   0.0
        D:5 |    1093 |       0 |   0.0 |      33 |       0 |   0.0
        D:6 |     722 |       0 |   0.0 |      14 |       0 |   0.0
        D:7 |     932 |     546 |  36.9 |      36 |       2 |   5.3
            +---------+---------+-------+---------+---------+-------
